AoeStats
← DippityDang

Pilgrims

509408985Analyzed
4v4 RM · 6d ago on Sep 26, 2026· 69m 11s· 8 players
Game mode
Random Map
Map size
Large (8 player)
Population
200
Speed
Normal
Resources
Standard
Victory
Conquest
Starting age
Dark Age
Ending age
Imperial Age
RankedLock teamsTeams togetherTeam positionsShared explorationLock speedFull tech treeHidden civsTurbo modeCheats
Victory
Defeat
🇨🇿 Poles · Czechia
1646
+15
🇨🇿 Britons · Czechia
1534
+20
🇨🇿 Chinese · Czechia
1453
+23
🇨🇿 Vietnamese · Czechia
1448
+23
🇬🇧 Malians · United Kingdom
1699
-23
🇺🇸 Hindustanis · United States
1628
-21
🇧🇪 Koreans · Belgium
1584
-19
🇹🇷 Bengalis · Türkiye
1553
-18
DippityDang
3:18 Loom
10:33 Feudal Age
14:52 Castle Age
13:46 Double-Bit Axe
14:29 Fletching
14:56 Town Watch
15:36 Bodkin Arrow
16:09 Bodkin Arrow
19:10 Bloodlines
23:30 Husbandry
26:48 Wheelbarrow
30:06 Bow Saw
37:04 Horse Collar
40:31 Hand Cart
41:35 Gold Mining
42:52 Caravan
45:50 Imperial Age
43:41 Scale Barding Armor
43:47 Forging
44:48 Chain Barding Armor
45:00 Forging
45:38 Town Watch
47:38 Gold Shaft Mining
46:26 Heavy Camel Rider
47:44 Plate Barding Armor
49:58 Iron Casting
49:21 Light Cavalry
53:28 Imperial Camel Rider
55:34 Iron Casting
56:50 Chemistry
56:15 Padded Archer Armor
59:39 Conscription
61:21 Leather Archer Armor
Hympériius
10:08 Feudal Age
16:23 Castle Age
14:27 Gold Mining
15:12 Forging
17:18 Medium Warships
17:45 Iron Casting
17:13 Double-Bit Axe
17:33 Loom
18:54 Clinker Construction
18:44 Fishing Lines
21:22 Wheelbarrow
22:36 Gillnets
25:57 Bow Saw
28:45 Imperial Age
26:12 Horse Collar
27:40 Squires
27:25 Arson
28:22 Hand Cart
27:53 Town Watch
29:38 Scale Mail Armor
31:47 Elite Fire Lancer
33:32 Chain Mail Armor
32:40 Pikeman
34:04 Elite Fire Lancer
35:16 Plate Mail Armor
37:03 Town Patrol
38:06 Halberdier
39:33 Thumb Ring
40:44 Ballistics
41:35 Chemistry
40:27 Fletching
40:12 Elite Skirmisher
42:01 Bodkin Arrow
42:21 Crossbowman
43:07 Bracer
44:43 Two-Man Saw
54:46 Treadmill Crane
55:16 Masonry
55:13 Siege Engineers
67:36 Architecture
67:03 Murder Holes
-Tom-
10:50 Feudal Age
9:18 Loom
14:47 Castle Age
14:55 Fletching
15:58 Medium Warships
16:52 Bodkin Arrow
23:13 Double-Bit Axe
29:39 Wheelbarrow
32:30 Hand Cart
36:27 Horse Collar
40:36 Bow Saw
40:27 Heavy Plow
41:57 Fortified Wall
45:34 Imperial Age
43:31 Stone Mining
43:32 Gold Mining
48:37 Imperial Age
48:22 Gold Shaft Mining
48:23 Stone Shaft Mining
48:50 Light Cavalry
49:41 Bloodlines
49:31 Husbandry
53:57 Chemistry
54:17 Tigui
54:38 Conscription
54:46 Scale Barding Armor
63:31 Chain Barding Armor
Allison
11:48 Feudal Age
12:48 Loom
13:07 Fishing Lines
15:48 Castle Age
15:20 Gold Mining
16:47 Medium Warships
16:27 Double-Bit Axe
17:34 Bow Saw
18:48 Gillnets
21:35 Wheelbarrow
22:24 Town Watch
25:23 Gold Shaft Mining
26:59 Stone Mining
27:35 Hand Cart
27:50 Fletching
28:32 Bodkin Arrow
31:17 Imperial Age
29:30 Scale Barding Armor
29:36 Forging
30:56 Chain Barding Armor
32:24 Iron Casting
33:00 Two-Man Saw
32:55 Conscription
32:56 Bracer
33:54 Husbandry
34:06 Bloodlines
35:51 Plate Barding Armor
37:10 Blast Furnace
36:56 Ballistics
38:19 Chemistry
37:58 Paiks
39:15 Caravan
39:17 Horse Collar
40:22 Elite Battle Elephant
42:43 Masonry
42:39 Siege Engineers
44:41 Heavy Plow
44:48 Light Cavalry
47:27 Mahayana
52:29 Architecture
53:50 Coinage
59:24 Crop Rotation
60:45 Siege Elephant
66:12 Banking
65:46 Caravan
gg_bohois
10:04 Feudal Age
10:53 Double-Bit Axe
12:45 Loom
18:19 Castle Age
17:07 Fletching
18:19 Padded Archer Armor
19:00 Bodkin Arrow
18:57 Crossbowman
22:27 Padded Archer Armor
27:31 Horse Collar
32:32 Ballistics
33:59 Heavy Plow
35:37 Wheelbarrow
34:48 Town Watch
41:32 Imperial Age
41:30 Hand Cart
43:14 Chemistry
42:15 Bracer
41:43 Arbalester
42:55 Conscription
43:47 Coinage
44:35 Onager
48:04 Siege Engineers
54:31 Elite Skirmisher
57:13 Caravan
59:19 Scale Mail Armor
59:30 Forging
58:40 Pikeman
59:21 Squires
59:07 Arson
61:55 Chain Mail Armor
62:16 Iron Casting
66:52 Halberdier
Hōzōin Kenshin
8:14 Loom
10:28 Feudal Age
15:46 Castle Age
14:20 Double-Bit Axe
17:03 Fletching
18:58 Bodkin Arrow
20:13 Gold Mining
22:01 Padded Archer Armor
22:08 Demolition Ship
25:53 Ballistics
27:46 Horse Collar
29:40 Bow Saw
31:54 Leather Archer Armor
35:14 Wheelbarrow
38:14 Imperial Age
37:06 Hand Cart
37:07 Heavy Plow
37:16 Stone Mining
38:43 Scale Mail Armor
38:53 Forging
39:49 Chain Mail Armor
39:36 Bracer
39:54 Chain Mail Armor
39:05 Elite Rattan Archer
40:10 Paper Money
41:27 Chemistry
40:41 Pikeman
41:22 Squires
42:40 Two-Man Saw
42:10 Crop Rotation
42:41 Hoardings
44:37 Plate Mail Armor
44:42 Iron Casting
44:41 Halberdier
45:57 Iron Casting
45:57 Ring Archer Armor
47:04 Iron Casting
51:18 Arson
57:21 Elite Fire Lancer
Venom_CZE
3:14 Loom
10:48 Feudal Age
11:31 Double-Bit Axe
11:38 Gold Mining
11:44 Town Watch
16:09 Castle Age
15:16 Fletching
15:47 Horse Collar
15:58 Stone Mining
17:04 Medium Warships
16:54 Demolition Ship
24:04 Bodkin Arrow
25:52 Wheelbarrow
30:59 Imperial Age
29:41 Bow Saw
29:32 Heavy Plow
30:25 Ballistics
30:35 Hand Cart
30:42 Padded Archer Armor
32:43 Bracer
33:18 Conscription
33:26 Heavy Warships
34:14 Chemistry
34:53 Leather Archer Armor
35:57 Elite Chu Ko Nu
37:23 Heavy Warships
38:04 Ring Archer Armor
41:52 Masonry
44:07 Thumb Ring
45:20 Architecture
47:13 Scale Barding Armor
48:29 Two-Man Saw
48:23 Murder Holes
48:19 Guard Tower
48:15 Arrowslits
48:58 Chain Barding Armor
48:49 Bloodlines
47:59 Light Cavalry
49:25 Coinage
49:35 Bloodlines
49:37 Forging
49:37 Husbandry
50:01 Great Wall
50:42 Gold Shaft Mining
50:43 Stone Shaft Mining
52:01 Plate Barding Armor
56:45 Fortified Wall
57:12 Iron Casting
62:53 Blast Furnace
67:38 Caravan
gg_Danny
5:33 Loom
11:09 Feudal Age
11:56 Double-Bit Axe
20:35 Castle Age
19:00 Horse Collar
20:38 Gold Mining
21:53 Bow Saw
25:49 Scale Barding Armor
28:46 Bloodlines
29:25 Husbandry
34:02 Wheelbarrow
34:39 Wheelbarrow
37:56 Fletching
39:07 Hand Cart
39:16 Bodkin Arrow
42:30 Heavy Plow
44:02 Scale Mail Armor
45:35 Chain Mail Armor
51:26 Imperial Age
49:07 Forging
60:16 Chain Barding Armor
59:26 Light Cavalry
61:33 Iron Casting
63:52 Bracer
65:37 Blast Furnace
64:37 Cavalier
64:39 Winged Hussar
Connection lost

Rejoining the realm…

Still unreachable

The connection could not be restored.

Session expired

The server has moved on; the page needs a fresh start.